 Dungeon Crawl Stone Soup version 0.18.1-48-g4cf74bf (webtiles) character file.

12469 Gagarin the Grappler (level 11, -2/111 HPs)
             Began as a Troll Monk on July 13, 2016.
             Was a High Priest of Trog.
             Slain by an orange demon (11 damage)
             ... summoned by an orc sorcerer
             ... on level 2 of the Orcish Mines.
             The game lasted 00:32:55 (10352 turns).

Gagarin the Grappler (Troll Monk)                  Turns: 10352, Time: 00:32:56

Health: -2/111     AC:  7    Str: 19 (22) XL:     11   Next: 62%
Magic:  19/19      EV: 13    Int:  6 (7)  God:    Trog [*****.]
Gold:   574        SH:  5    Dex: 10 (13) Spells: 0 memorised, 10 levels left

rFire  . . .     SeeInvis .       - Unarmed
rCold  . . .     Gourm    +     t - +2 robe {MR+}
rNeg   . . .     Faith    .     (no shield)
rPois  .         Spirit   .     (helmet restricted)
rElec  +         Dismiss  .     (no cloak)
rCorr  .         Reflect  +     (gloves unavailable)
SustAt .         Harm     .     (boots unavailable)
MR     ++...                    q - +5 amulet of reflection
Stlth  ++........               M - ring of ice
                                s - ring "Sunyenn" {Fire rElec MR+ MP+9}

@: lethally poisoned (-2 -> -10), exhausted, very slightly contaminated, slowed,
very slow, very resistant to hostile enchantments, unstealthy
A: unfitting armour, claws 3, fast metabolism 3, gourmand, regeneration 2,
shaggy fur 1, tough skin 2
a: Berserk, Trog's Hand, Brothers in Arms, Burn Spellbooks, Renounce Religion


You were on level 2 of the Orcish Mines.
You worshipped Trog.
Trog was extremely pleased with you.
You were very full.

You visited 2 branches of the dungeon, and saw 12 of its levels.
You also visited: Ossuary.

You collected 682 gold pieces.
You spent 108 gold pieces at shops.

Inventory:

Hand Weapons
 Q - the +7 great sword of Triumph {slice, Stlth+}
   (Trog gifted it to you on level 9 of the Dungeon)

   It inflicts extra damage upon your enemies.
   It makes you more stealthy.
 W - a +4 hunting sling of flaming
Missiles
 p - 4 poisoned tomahawks (quivered)
 U - 8 poisoned javelins
Armour
 t - a +2 robe of magic resistance (worn)
 V - a troll hide
Jewellery
 c - an uncursed ring of wizardry
 q - a +5 amulet of reflection (around neck)
 s - the ring "Sunyenn" (left claw) {Fire rElec MR+ MP+9}
   (You found it on level 4 of the Dungeon)

   [ring of fire]

   It enhances your fire magic, and weakens your ice magic.
   It protects you from fire.
   It makes you vulnerable to cold.
   It insulates you from electricity.
   It affects your resistance to hostile enchantments.
   It affects your magic capacity (+9).
 M - a ring of ice (right claw)
Wands
 C - a wand of disintegration (16/24)
 E - a wand of lightning (14/15)
 R - a wand of confusion (21/48)
Scrolls
 d - a scroll of noise {unknown}
 e - a scroll of summoning {unknown}
 f - 7 scrolls of remove curse
 k - a scroll of blinking
 o - 2 scrolls of teleportation {unknown}
 u - 3 scrolls of recharging
 w - 3 scrolls of identify
 x - a scroll of fog {unknown}
 y - a scroll of enchant weapon
 z - a scroll of amnesia {unknown}
 B - a scroll of torment {unknown}
 G - a scroll of silence
 J - a scroll of fear
 N - 3 scrolls of magic mapping {unknown}
 O - a scroll of enchant armour {unknown}
Potions
 h - a potion of mutation {unknown}
 j - a potion of ambrosia {unknown}
 l - a potion of haste {unknown}
 m - 2 potions of heal wounds {unknown}
 n - a potion of agility {unknown}
 v - 2 potions of berserk rage {unknown}
 D - a potion of might
 F - 3 potions of curing {unknown}
 H - 3 potions of brilliance {unknown}
 I - 3 potions of degeneration
 K - 2 potions of resistance {unknown}
 S - a potion of cure mutation {unknown}
 T - 3 potions of flight {unknown}
Comestibles
 a - a chunk of flesh
 b - 5 bread rations
 g - 5 meat rations
 i - a fruit
 r - 2 beef jerkies
 P - a slice of pizza


   Skills:
 + Level 7.9 Fighting
 + Level 10.1 Dodging
 + Level 4.0 Stealth
 + Level 11.0 Unarmed Combat


You had 10 spell levels left.
You didn't know any spells.

Dungeon Overview and Level Annotations

Branches:
Dungeon (10/15)            Temple (0/1) D:7            Lair (0/8) D:10
    Orc (2/2) D:10            Elf (0/3) Orc:2

Altars:
Cheibriados
Elyvilon
Nemelex Xobeh
Okawaru
Pakellas
Ru
Sif Muna
Trog
Zin

Shops:
D:5 [!%(*   D:7 =   D:8 *


Innate Abilities, Weirdness & Mutations

You are too large for most types of armour.
You have claws for hands.
Your metabolism is lightning-fast.
You like to eat raw meat.
You heal very quickly.
You are covered in fur (AC +1).
You have very tough skin (AC +2).


Message History

The orc wizard is moderately wounded.
The bolt of lightning misses the orc warrior.
This wand has 14 charges left.
You hear a shout! x7
The orc wizard hits you but does no damage. x2
The orc sorcerer hits you but does no damage.
The orange demon stings you from afar!
* * * LOW HITPOINT WARNING * * *
You are poisoned.
The orange demon poisons you!
Drink which item? (? for menu, Esc to quit)
It was a potion of degeneration.
There was something very wrong with that liquid.
You feel weakened.
You feel dopey.
You feel clumsy.
* * * LOW HITPOINT WARNING * * *
You feel very sick.
The orc sorcerer hits you but does no damage.
The orc wizard hits you but does no damage.
The orange demon stings you from afar!
You die...

##.###.## ##..###.## ##.##....#
###o........ #.......##
##......#.... ##........##
#......### ## #..........##
##..o.....##### ##..........#
##..........#..####
...........####..4o...........#..
.............###.o...........#...
...[.#.........#@o...#...........
...#.##...............##.........
....###.....)........###.[.......
.#.## #....).[.)...### ##.)......
..#.# ##...).)[....######))......
..<.# #................#.........
....###......>.....<.......#.....
.............#..............##...
............###..............#...


You could see an orange demon, an orc sorcerer, an orc warrior, 2 orc wizards
and an orc.

Vanquished Creatures
  An ogre mage (Orc:2)
  An unseen horror (D:10)
  A hill giant (D:7)
  The ghost of TBriggs11TB the Cleaver, a novice HOFi (D:5)
  A gargoyle (D:10)
  2 trolls (D:10)
  A two-headed ogre (Orc:1)
  Sigmund (D:3)
  A vampire (D:9)
  A wyvern (D:9)
  2 hungry ghosts
  3 vampire mosquitoes (D:10)
  3 wargs (D:10)
  7 orc warriors
  3 ice beasts
  3 sky beasts
  4 phantoms
  18 ogres
  A necrophage (D:8)
  5 centaurs
  2 crocodiles (D:10)
  2 elf zombies (Ossuary)
  8 big kobolds
  2 giant frogs
  4 gnoll sergeants
  7 scorpions
  8 killer bees (D:8)
  3 wights (D:6)
  2 howler monkeys
  3 jellies (D:7)
  4 crimson imps
  A centaur zombie (D:5)
  A quasit (D:10)
  4 hounds
  11 orc priests
  A gnoll shaman (Orc:2)
  22 orc wizards
  13 worker ants
  Terence (D:2)
  A killer bee zombie (D:8)
  A big kobold zombie (Ossuary)
  A hound zombie (D:9)
  2 hound skeletons
  2 mummies (Ossuary)
  27 gnolls
  A worker ant zombie (D:6)
  10 adders
  2 shadow imps
  4 oozes
  An adder zombie (Ossuary)
  2 adder skeletons
  5 worms
  3 giant geckos
  52 orcs
  11 bats
  4 giant cockroaches
  10 goblins
  4 hobgoblins
  13 jackals
  25 kobolds
  5 quokkas
  3 ball pythons
  A giant gecko skeleton (D:5)
  8 giant newts
  2 goblin zombies (Ossuary)
  8 hobgoblin zombies (Ossuary)
  A jackal zombie (Ossuary)
  10 kobold zombies (Ossuary)
  11 orc zombies (Ossuary)
  A quokka zombie (D:5)
  8 rats
  A rat zombie (Ossuary)
399 creatures vanquished.

Vanquished Creatures (collateral kills)
  An orc warrior (Orc:2)
  An ogre (Orc:2)
  An orc wizard (Orc:2)
  6 gnolls (Orc:2)
  An orc (Orc:2)
10 creatures vanquished.

Vanquished Creatures (others)
  A kobold (D:9)
1 creature vanquished.

Grand Total: 410 creatures vanquished

Notes
Turn   | Place    | Note
--------------------------------------------------------------
     0 | D:1      | Gagarin the Troll Monk began the quest for the Orb.
     0 | D:1      | Reached XP level 1. HP: 22/22 MP: 0/0
    36 | D:1      | Reached XP level 2. HP: 29/29 MP: 1/1
   350 | D:1      | Reached XP level 3. HP: 34/36 MP: 2/2
   834 | D:2      | Noticed Terence
   840 | D:2      | Killed Terence
   889 | D:1      | Reached XP level 4. HP: 37/45 MP: 3/3
  1030 | D:2      | Found a sparkling altar of Nemelex Xobeh.
  1068 | D:2      | Reached XP level 5. HP: 33/53 MP: 4/4
  1254 | D:2      | Found a faded altar to an unknown god.
  1619 | D:2      | Found a white marble altar of Elyvilon.
  2190 | D:3      | Noticed Sigmund
  2216 | D:3      | Killed Sigmund
  2216 | D:3      | Reached skill level 5 in Unarmed Combat
  2216 | D:3      | Reached XP level 6. HP: 35/61 MP: 5/5
  2340 | D:3      | Found a bloodstained altar of Trog.
  2357 | D:3      | Became a worshipper of Trog the Wrathful
  2357 | D:3      | Reached * piety under Trog
  2357 | D:3      | Reached ** piety under Trog
  2632 | D:3      | Found a snail-covered altar of Cheibriados.
  2894 | D:4      | Reached XP level 7. HP: 68/68 MP: 6/6
  2937 | D:4      | Got a shimmering pewter ring
  3033 | D:4      | Reached skill level 6 in Unarmed Combat
  3117 | D:4      | Reached skill level 5 in Dodging
  3302 | D:4      | Reached *** piety under Trog
  3447 | D:5      | Entered Level 5 of the Dungeon
  3473 | D:5      | Found Cawededi's Food Emporium.
  3487 | D:5      | Found Hucvot's Weapon Shoppe.
  3492 | D:5      | Reached XP level 8. HP: 77/78 MP: 7/7
  3513 | D:5      | Noticed TBriggs11TB's ghost (novice HOFi)
  3524 | D:5      | Killed TBriggs11TB's ghost
  3572 | D:5      | Found an iron altar of Okawaru.
  3582 | D:5      | Reached skill level 7 in Unarmed Combat
  3617 | D:5      | Found Haduxiah's General Store.
  3620 | D:5      | Bought a scroll of identify for 24 gold pieces
  3760 | D:5      | Found Qogaschofiu's Distillery.
  3765 | D:5      | Bought a potion of might for 48 gold pieces
  3765 | D:5      | Bought a potion of lignification for 36 gold pieces
  3822 | D:5      | Found Umazing's Antique Armour Shop.
  3981 | D:5      | Found an oddly glowing altar of Pakellas.
  3992 | D:5      | Reached skill level 5 in Fighting
  4095 | D:5      | Reached XP level 9. HP: 79/88 MP: 8/8
  4381 | D:6      | Reached **** piety under Trog
  4406 | D:6      | Reached skill level 8 in Unarmed Combat
  4499 | D:6      | Found a sand-covered staircase.
  4504 | Ossuary  | Entered an ossuary
  5007 | D:6      | Identified the ring "Sunyenn" {Fire rElec MR+ MP+9} (You found it on level 4 of the Dungeon)
  5470 | D:7      | Noticed a hill giant
  5478 | D:7      | Killed a hill giant
  5478 | D:7      | Reached skill level 9 in Unarmed Combat
  5586 | D:7      | Found a staircase to the Ecumenical Temple.
  5659 | D:7      | Reached XP level 10. HP: 97/98 MP: 9/9
  5789 | D:7      | Found Lutzuysu's Jewellery Shoppe.
  6419 | D:8      | Reached ***** piety under Trog
  6561 | D:8      | Found a sparkling altar of Nemelex Xobeh.
  6674 | D:8      | Found Zin's Purification Station.
  6680 | D:8      | Found a glowing silver altar of Zin.
  6747 | D:8      | Found a deep blue altar of Sif Muna.
  7014 | D:9      | Received a gift from Trog
  7015 | D:9      | Got a fine great sword {god gift}
  7016 | D:9      | Identified the +7 great sword of Triumph {slice, Stlth+} (Trog gifted it to you on level 9 of the Dungeon)
  7299 | D:9      | Found a sacrificial altar of Ru.
  8238 | D:10     | Entered Level 10 of the Dungeon
  8270 | D:10     | Found a staircase to the Lair.
  8293 | D:10     | Reached skill level 10 in Unarmed Combat
  8297 | D:10     | HP: 6/150 [orc/morningstar (2)]
  8630 | D:10     | Noticed a gargoyle
  8640 | D:10     | Killed a gargoyle
  8640 | D:10     | Reached XP level 11. HP: 105/109 MP: 10/10
  8759 | D:10     | Killed an unseen horror
  9446 | D:10     | Found a staircase to the Orcish Mines.
  9477 | D:10     | Noticed a hill giant
  9491 | D:10     | Received a gift from Trog
  9603 | Orc:1    | Entered Level 1 of the Orcish Mines
  9708 | Orc:2    | Entered Level 2 of the Orcish Mines
  9708 | Orc:2    | Noticed an ogre mage
  9727 | Orc:1    | Received a gift from Trog
  9961 | Orc:2    | Killed an ogre mage
  9961 | Orc:2    | Reached skill level 10 in Dodging
  9961 | Orc:2    | Reached skill level 11 in Unarmed Combat
  9993 | Orc:2    | Found a staircase to the Elven Halls.
 10321 | Orc:2    | Noticed an orc sorcerer
 10330 | Orc:2    | Noticed a sun demon
 10352 | Orc:2    | Slain by an orange demon

Skill      XL: |  1  2  3  4  5  6  7  8  9 10 11 |
---------------+----------------------------------+-----
Fighting       | 3 4 5 6 7 |  7.9
Dodging        | 3 4 5 6 7 9 10 | 10.1
Stealth        | 2 3 4 |  4.0
Unarmed Combat | 5 6 7 9 10 11 | 11.0

Action                   |  1- 3 |  4- 6 |  7- 9 | 10-12 || total
-------------------------+-------+-------+-------+-------++-------
Melee: Unarmed           |    75 |   177 |   373 |   546 ||  1171
       Punch             |     1 |     5 |    14 |    22 ||    42
Invok: Berserk           |       |     1 |     5 |    10 ||    16
       Trog's Hand       |       |       |     1 |     1 ||     2
       Burn Spellbooks   |       |       |       |     2 ||     2
       Brothers in Arms  |       |       |       |     2 ||     2
Evoke: Wand              |       |       |       |     1 ||     1
  Use: Scroll            |       |     1 |       |    12 ||    13
       Potion            |       |       |       |     2 ||     2
 Stab: Sleeping          |     2 |     5 |     6 |     5 ||    18
  Eat: Chunk             |    12 |    21 |    27 |    64 ||   124
Armor: Robe              |    35 |    61 |    75 |   130 ||   301
       Skin              |       |       |       |    40 ||    40
Dodge: Dodged            |    47 |    99 |   143 |   381 ||   670
Block: Other             |       |       |    12 |   139 ||   151
       Reflection        |       |       |       |     9 ||     9
